 Dungeon Crawl Stone Soup version 0.29.1-1-gd02db6906a (webtiles) character file.

Game seed: 4127212629521845069

1062 hawla the Arsonist (level 8, -5/58 HPs)
             Began as a Meteoran Fire Elementalist on Oct 6, 2022.
             Slain by a lemure (8 damage)
             ... led by Pikel
             ... on level 5 of the Dungeon.
             The game lasted 00:14:13 (3132 turns).

hawla the Arsonist (Meteoran Fire Elementalist)     Turns: 3132, Time: 00:14:13

Health: -5/58      AC:  2    Str: 10    XL:     8   Next: 82%
Magic:  14/14      EV: 13    Int: 19    God:
Gold:   137        SH:  0    Dex: 14    Spells: 5/14 levels left

rFire   + . .      SeeInvis .   q - +2 whip (venom)
rCold   . . .      Faith    .   (no shield)
rNeg    . . .      Spirit   .   v - +0 robe of Follow the Leader {Rampage}
rPois   .          Reflect  .   (no helmet)
rElec   .          Harm     .   (no cloak)
rCorr   .          Rampage  +   (no gloves)
Will    +....                   (no boots)
Stlth   +.........              (no amulet)
HPRegen 0.19/turn               c - ring of protection from fire
MPRegen 0.14/turn               (no ring)

@: glowing
A: sense surroundings 1, otherworldly, glowing, explore regen
a: no special abilities


You were on level 5 of the Dungeon.
You visited 1 branch of the dungeon, and saw 5 of its levels.
You also visited: Sewer.

You collected 244 gold pieces.
You spent 107 gold pieces at shops.

Inventory:

Hand Weapons
 a - a +1 flail of venom
 q - a +2 whip of venom (weapon)
Armour
 v - the +0 robe of Follow the Leader (worn) {Rampage}
   (You bought it in a shop on level 4 of the Dungeon)

   Rampage:   It bestows one free step when moving towards enemies.
Magical Staves
 w - a staff of earth
 z - a staff of air
Jewellery
 c - a ring of protection from fire (left hand)
 o - a +4 ring of evasion
Wands
 n - a wand of iceblast (9)
 s - a wand of light (12)
 C - a wand of flame (27)
Scrolls
 f - 2 scrolls of magic mapping
 h - a scroll of enchant weapon {unknown}
 k - a scroll of brand weapon {unknown}
 t - 2 scrolls of fog {unknown}
 x - a scroll of identify
 y - a scroll of torment {unknown}
 B - 2 scrolls of immolation {unknown}
Potions
 b - a potion of magic
 d - a potion of attraction
 g - 4 potions of curing {unknown}
 i - a potion of might {unknown}
 j - a potion of mutation
 l - 6 potions of heal wounds
 m - 2 potions of haste
 p - 3 potions of resistance
 r - a potion of flight
 u - a potion of brilliance {unknown}
 A - 2 potions of lignification {unknown}


   Skills:
 + Level 0.4 Fighting
 + Level 1.7 Maces & Flails
 + Level 3.1 Dodging
 - Level 1.4 Stealth
 + Level 3.8 Spellcasting
 + Level 5.8 Conjurations
 + Level 9.5 Fire Magic
 + Level 0.1 Air Magic


You had 5 spell levels left.
You knew the following spells:

 Your Spells              Type           Power      Damage    Failure   Level
a - Foxfire               Conj/Fire      100%       2x1d9     1%          1
b - Scorch                Fire           78%        2d8       1%          2
c - Flame Wave            Conj/Fire      32%        2d9       6%          4
d - Static Discharge      Conj/Air       14%        3-5/arc   6%          2

Your spell library contained the following spells:

 Spells                   Type           Power      Damage    Failure   Level
 Conjure Flame            Conj/Fire      32%        6-21      1%          3
 Inner Flame              Hex/Fire       21%        N/A       6%          3
 Sticky Flame             Conj/Fire      32%        2d5       6%          4
 Apportation              Tloc           6%         N/A       14%         1
 Necrotise                Necr           12%        1d4       14%         1
 Summon Small Mammal      Summ           12%        N/A       14%         1
 Poisonous Vapours        Pois/Air       6%         N/A       21%         2
 Corpse Rot               Necr/Pois/Air  3%         N/A       80%         4
 Dispel Undead            Necr           3%         3d7       80%         4


Dungeon Overview and Level Annotations

Branches:
Dungeon (5/15) Zot: 270     Sewer (visited)
 Temple: D:4-7

Altars:

Shops:
D:4 [

Annotations:
D:5 Pikel


Innate Abilities, Weirdness & Mutations

You passively map a small area around you.
You are easily found by Zot.
You glow in the dark.
You regain HP and MP as you explore.


Message History

Pikel, Merchant of Souls comes into view.
He is wielding a +0 whip of freezing.
Casting: Foxfire (safe; 1% risk of failure)
Confirm with . or Enter, or press ? or * to list all spells.
You conjure some foxfire!
An adder comes into view.
The foxfire hits the lemure.
The lemure is lightly wounded.
The foxfire hits the lemure but does no damage.
The lemure is lightly wounded.
The lemure hits you. x2; The lemure barely misses you.
The lemure hits you! x2
The lemure attacks as you move away! The lemure hits you!
The lemure attacks as you move away! The lemure misses you.
Pikel hits you with a +0 whip of freezing!
Pikel freezes you. The lemure hits you.
* * * LOW HITPOINT WARNING * * *
You feel much better. The lemure barely misses you.
Pikel hits you with a +0 whip of freezing.
Pikel freezes you. The lemure closely misses you.
The lemure hits you but does no damage.
As you read the scroll labelled HOCLET GYTE, it crumbles to dust.
Wisps of shadow whirl around you...
It was a scroll of summoning.
The lemure hits you. Pikel barely misses you. The lemure closely misses you.
The adder bites you. The lemure hits you but does no damage.
You hit the adder.
The adder is poisoned.
The adder is moderately wounded.
The lemure closely misses you. Pikel misses you. The adder closely misses you.
Your hound barely misses the lemure.
The lemure hits you. The lemure hits you!
Your iguana completely misses the lemure.
You barely miss Pikel.
Your hound barely misses the lemure.
The adder completely misses you. The lemure hits you!
Pikel hits you with a +0 whip of freezing!
* * * LOW HITPOINT WARNING * * *
Pikel freezes you.
* * * LOW HITPOINT WARNING * * *
Your dart slug launches a dart at the lemure.
The slug dart misses the lemure.
The lemure hits you.
* * * LOW HITPOINT WARNING * * *
The lemure hits you!
You die...

*,,,,,,........?#......#....,*+
*,,,,,,.........#..#####....,*,
*,,,~,,..~...<..#..#........,*,
**,,,,,.........#..#........,*,
*,,,,~~........'..#........,+,
*,,,,~~........#..#........,*,
**,,,,,......l.h#..#....######,
*,,,~,,..~...555#..#....#....#,
*,,,,,,......S@w#..#....#....#,
*,,,,,,......K..#..'....#....#,
*,,,,,*##(......####....#....#,
**,*,,* ####....#..#....#..###*
*,,,,*** #....'?.#....#..##*,
**,,,,,* #....#..#....'...#,,
**,,,,* #....#..#....#...#,,
*,,,,* #....#+##....#######
*,,,,* #...................


You could see Pikel, 3 lemures, an adder (very poisoned), a friendly iguana
(summoned), a friendly hound (summoned) and a friendly dart slug (summoned).

Vanquished Creatures
  The ghost of GigaChad the Trooper, an amateur MiFi of Wu Jian (D:4)
  Edmund (D:4)
  A water moccasin (D:5)
  An ice beast (D:5)
  A lemure (D:5)
  A kobold brigand (Sewer)
  2 phantoms
  An orc priest (D:3)
  An iguana (D:5)
  An orc wizard (D:3)
  8 gnolls
  6 adders
  4 river rats
  4 worms
  A dart slug (D:3)
  17 orcs
  2 bats
  13 endoplasms
  3 giant cockroaches
  5 goblins
  3 hobgoblins
  16 jackals
  10 kobolds
  3 quokkas
  2 ball pythons
  5 frilled lizards
  6 rats
119 creatures vanquished.

Vanquished Creatures (collateral kills)
  2 foxfires (D:1)
2 creatures vanquished.

Vanquished Creatures (others)
  122 foxfires
  A plant (D:1)
123 creatures vanquished.

Grand Total: 244 creatures vanquished

Notes
Turn   | Place    | Note
-------+----------+-------------------------------------------
     0 | D:1      | hawla the Meteoran Fire Elementalist began the quest for
                  | the Orb.
     0 | D:1      | Reached XP level 1. HP: 14/14 MP: 5/5
    27 | D:1      | Reached skill level 4 in Fire Magic
    27 | D:1      | Reached XP level 2. HP: 15/20 MP: 1/6
   229 | D:1      | Found a faded altar of an unknown god.
   239 | D:1      | Learned a level 2 spell: Scorch
   295 | D:1      | Reached XP level 3. HP: 26/26 MP: 4/8
   500 | D:1      | Glimpsed the power of Zot.
   550 | D:1      | Glimpsed the power of Zot.
   775 | D:2      | Reached XP level 4. HP: 33/33 MP: 4/9
   826 | D:2      | Learned a level 4 spell: Flame Wave
   858 | D:2      | Reached skill level 5 in Fire Magic
   876 | D:2      | Reached XP level 5. HP: 35/38 MP: 4/11
  1100 | D:2      | Glimpsed the power of Zot.
  1357 | D:3      | Reached XP level 6. HP: 45/45 MP: 6/12
  1358 | D:3      | Reached skill level 6 in Fire Magic
  1700 | D:3      | Glimpsed the power of Zot.
  1726 | D:4      | Reached skill level 7 in Fire Magic
  1726 | D:4      | Reached XP level 7. HP: 40/50 MP: 5/13
  1749 | D:4      | Found Teoc's Armour Boutique.
  1759 | D:4      | Bought the +0 robe of Follow the Leader {Rampage} for 107
                  | gold pieces
  1789 | D:4      | Found a runed translucent door.
  1789 | D:4      | Noticed GigaChad's ghost (amateur MiFi)
  1825 | D:4      | Noticed Edmund
  1830 | D:4      | Killed Edmund
  2119 | D:4      | Killed GigaChad's ghost
  2120 | D:4      | Reached skill level 8 in Fire Magic
  2120 | D:4      | Reached XP level 8. HP: 43/57 MP: 2/14
  2154 | D:5      | Entered Level 5 of the Dungeon
  2208 | D:5      | Found a glowing drain.
  2223 | D:5      | Reached skill level 1 in Maces & Flails
  2223 | D:5      | Reached skill level 5 in Conjurations
  2224 | Sewer    | Entered a sewer
  2228 | Sewer    | Learned a level 2 spell: Static Discharge
  2271 | Sewer    | Reached skill level 9 in Fire Magic
  2614 | Sewer    | Glimpsed the power of Zot.
  3124 | D:5      | Noticed Pikel
  3132 | D:5      | Slain by a lemure

Illustrated notes

Levels and vault maps discovered:
D:1:      dpeg_arrival_arbitrary_b, layout_loops_corners,
          dreamdust_ecumenical_altar_grove
D:2:      layout_rooms, minmay_rat_gold_closets
D:3:      layout_basic
D:4:      layout_rooms, serial_shops, shop, hellmonk_ghost_happy_afterlife,
          uniq_edmund
D:5:      layout_gridville, vehumet_statue, cheibrodos_sewer_entry_sluice,
          chequers_serial_rivers_small_b, skrybe_limestone_x, nicolae_sextant,
          uniq_pikel

Skill      XL: |  1  2  3  4  5  6  7  8 |
---------------+-------------------------+-----
Fire Magic     | 4 5 7 8 9 |  9.5
Spellcasting   | 3 |  3.8
Conjurations   | 2 3 4 5 |  5.8
Maces & Flails | 1 |  1.7
Dodging        | 3 |  3.1
Fighting       | |  0.4
Stealth        | |  1.4
Air Magic      | |  0.1

Action                   |  1- 3 |  4- 6 |  7- 9 || total
-------------------------+-------+-------+-------++-------
Melee: Unarmed           |    10 |    21 |       ||    31
       Whip              |       |    10 |    63 ||    73
       Punch             |       |     1 |     1 ||     2
 Cast: Foxfire           |    34 |    28 |    12 ||    74
       Scorch            |     9 |    26 |    15 ||    50
       Flame Wave        |       |     5 |     5 ||    10
       Static Discharge  |       |       |     7 ||     7
  Use: Scroll            |       |     4 |     7 ||    11
       Potion            |       |       |     1 ||     1
Armor: Robe              |     7 |     8 |    10 ||    25
Dodge: Dodged            |    34 |    30 |    56 ||   120
